 Dungeon Crawl Stone Soup version 0.22-a0-458-gb446440 (webtiles) character file.

522 pk666 the Magician (level 7, -6/36 HPs)
             Began as a Deep Elf Fire Elementalist on June 8, 2018.
             Was an Initiate of Vehumet.
             Mangled by sexinstructor's ghost (10 damage)
             ... on level 4 of the Dungeon.
             The game lasted 00:07:40 (4082 turns).

pk666 the Magician (Deep Elf Fire Elementalist)     Turns: 4082, Time: 00:07:40

Health: -6/36      AC:  4    Str:  5    XL:     7   Next: 1%
Magic:  6/17       EV: 13    Int: 22    God:    Vehumet [......]
Gold:   111        SH:  0    Dex: 15    Spells: 9/17 levels left

rFire    . . .     SeeInvis .   (no weapon)
rCold    . . .     Gourm    .   (no shield)
rNeg     . . .     Faith    .   a - +0 robe
rPois    .         Spirit   .   (no helmet)
rElec    .         Reflect  .   w - +0 cloak
rCorr    +         Harm     .   s - +0 pair of gloves
MR       .....                  (no boots)
Stlth    +++.......             (no amulet)
HPRegen  0.12/turn              n - ring of stealth
MPRegen  0.15/turn              t - ring of resist corrosion

@: no status effects
A: no striking features
a: Renounce Religion


You were on level 4 of the Dungeon.
You worshipped Vehumet.
Vehumet was noncommittal.
You were not hungry.

You visited 1 branch of the dungeon, and saw 4 of its levels.

You collected 111 gold pieces.

Inventory:

Armour
 a - a +0 robe (worn)
 s - a +0 pair of gloves (worn)
 w - a +0 cloak (worn)
Jewellery
 n - a ring of stealth (left hand)
 t - a ring of resist corrosion (right hand)
Wands
 u - a wand of polymorph (15)
Scrolls
 e - a scroll of blinking {unknown}
 f - 4 scrolls of identify {unknown}
 g - 3 scrolls of magic mapping {unknown}
 j - a scroll of noise {unknown}
 m - 3 scrolls of remove curse {unknown}
 r - 2 scrolls of teleportation {unknown}
Potions
 b - a potion of heal wounds {unknown}
 d - a potion of mutation {unknown}
 h - a potion of lignification {unknown}
 i - a potion of degeneration {unknown}
 k - 2 potions of haste {unknown}
 l - a potion of brilliance {unknown}
 o - a potion of resistance {unknown}
 p - a potion of might
 q - 3 potions of cancellation {unknown}
 v - a potion of ambrosia {unknown}
Comestibles
 c - 6 rations


   Skills:
 - Level 2.4 Dodging
 - Level 2.4 Stealth
 + Level 5.7 Spellcasting
 + Level 5.5 Conjurations
 + Level 5.2 Fire Magic


You had 9 spell levels left.
You knew the following spells:

 Your Spells              Type           Power        Failure   Level  Hunger
a - Flame Tongue          Conj/Fire      ####.        1%          1    None
b - Sticky Flame          Conj/Fire      ####....     10%         4    ####...
c - Conjure Flame         Conj/Fire      ####....     3%          3    ##.....

Your spell library contained the following spells:

 Spells                   Type           Power        Failure   Level  Hunger
 Fireball                 Conj/Fire      ####......   28%         5    #####..
 Throw Flame              Conj/Fire      ####..       1%          2    None
 Inner Flame              Hex/Fire       ###.....     10%         3    ##.....


Dungeon Overview and Level Annotations

Branches:
Dungeon (4/15)
 Temple: D:4-7

Altars:
Elyvilon
Vehumet
Xom

Annotations:
D:4 sexinstructor's ghost, amateur MiFi


Message History

Confirm with . or Enter, or press ? or * to list all spells.
Aiming: Flame Tongue (safe; 1% risk of failure)
Press: ? - help, Shift-Dir - straight line, f/p - sexinstructor's ghost
Aim: sexinstructor's ghost (flame, moderately damaged)
The flame tongue hits sexinstructor's ghost.
Sexinstructor's ghost appears unharmed.
Sexinstructor's ghost is moderately damaged.
Sexinstructor's ghost is engulfed in blazing flames.
Sexinstructor's ghost hits you!
* * * LOW HITPOINT WARNING * * *
Casting: Flame Tongue (safe; 1% risk of failure)
Confirm with . or Enter, or press ? or * to list all spells.
Aiming: Flame Tongue (safe; 1% risk of failure)
Press: ? - help, Shift-Dir - straight line, f/p - sexinstructor's ghost
Aim: sexinstructor's ghost (flame, heavily damaged)
The flame tongue hits sexinstructor's ghost.
Sexinstructor's ghost is severely damaged.
Sexinstructor's ghost is engulfed in blazing flames.
Sexinstructor's ghost hits you!
You die...

# #.######.# #
#####.##.....# #
##.<........###
###.###..##.#.#
...## ##.##.#.# ##.#
#.##.#.# ##.##
##.##.#.#
###.###.###.#.######
####..........§W@..#
............#÷####.#
######......#.# #.#
#### #......#.# #.#
>..# #......#†# #.#
##.# ###.##.#.## #.#
#.# #.##.#..# #.#
#.#####.##.##.# #.#
#.......##.##.# #.#


You could see sexinstructor's ghost.

Vanquished Creatures
  Grinder (D:2)
  The ghost of Avalon the Conjurer, an amateur DECj (D:3)
  A hound (D:4)
  Crazy Yiuf (D:3)
  A worker ant (D:4)
  A hound skeleton (D:4)
  Robin (D:3)
  3 gnolls (D:2)
  4 adders
  An ooze (D:3)
  A dart slug (D:2)
  2 leopard geckos
  4 bats
  3 giant cockroaches
  14 goblins
  14 hobgoblins
  13 jackals
  4 kobolds
  2 quokkas
  A ball python (D:1)
  2 frilled lizards
  2 rats
77 creatures vanquished.

Notes
Turn   | Place    | Note
-------+----------+-------------------------------------------
     0 | D:1      | pk666 the Deep Elf Fire Elementalist began the quest for the Orb.
     0 | D:1      | Reached XP level 1. HP: 10/10 MP: 6/6
   624 | D:1      | Reached XP level 2. HP: 15/15 MP: 5/8
  1069 | D:2      | Reached XP level 3. HP: 19/19 MP: 5/10
  1344 | D:2      | Reached XP level 4. HP: 24/24 MP: 6/11
  2089 | D:3      | Noticed Robin
  2102 | D:3      | Killed Robin
  2495 | D:3      | Noticed Avalon's ghost (amateur DECj)
  2513 | D:3      | Killed Avalon's ghost
  2513 | D:3      | Reached XP level 5. HP: 28/28 MP: 8/14
  2558 | D:3      | Noticed Grinder
  2809 | D:2      | Killed Grinder
  2809 | D:2      | Reached skill level 5 in Spellcasting
  2809 | D:2      | Reached skill level 5 in Conjurations
  2809 | D:2      | Reached XP level 6. HP: 9/32 MP: 4/16
  3038 | D:3      | Found a white marble altar of Elyvilon.
  3185 | D:3      | Found a radiant altar of Vehumet.
  3186 | D:3      | Found a shimmering altar of Xom.
  3188 | D:3      | Became a worshipper of Vehumet
  3219 | D:3      | Found a runed door.
  3272 | D:3      | Learned a level 4 spell: Sticky Flame
  3276 | D:3      | Learned a level 3 spell: Conjure Flame
  3276 | D:3      | Noticed Crazy Yiuf
  3282 | D:3      | Killed Crazy Yiuf
  3282 | D:3      | Reached skill level 5 in Fire Magic
  3617 | D:4      | Noticed sexinstructor's ghost (amateur MiFi)
  3967 | D:4      | Reached XP level 7. HP: 36/36 MP: 12/17
  4082 | D:4      | Mangled by sexinstructor's ghost

Vault maps used:
D:1:      dpeg_arrival_circle_labyrinth_c, minmay_misc_feat_ornament
D:3:      minitemple, elyvilon_altar_4, uniq_robin, uniq_crazy_yiuf_cottage,
          uniq_grinder
D:4:      amethyst_overflow_temple_binary, minmay_temple_entry_statues_pillars

Skill      XL: |  1  2  3  4  5  6 |
---------------+-------------------+-----
Conjurations   | 2 3 4 5 |  5.5
Spellcasting   | 4 5 |  5.7
Fire Magic     | 4 5 |  5.2
Dodging        | |  2.4
Stealth        | |  2.4

Action                   |  1- 3 |  4- 6 |  7- 9 || total
-------------------------+-------+-------+-------++-------
 Cast: Flame Tongue      |    52 |   129 |     7 ||   188
       Conjure Flame     |       |     3 |     2 ||     5
  Eat: Chunk             |     1 |     8 |       ||     9
Armor: Robe              |       |    14 |       ||    14
Dodge: Dodged            |     9 |    48 |     1 ||    58

Table legend:
 A = Spawn XP
 B = Non-spawn XP
 C = Spawn XP percentage of total XP
 D = Spawn monster count
 E = Non-spawn monster count
 F = Spawn count percentage of total count
 G = Total turns spent on level
                    A         B        C        D         E        F      G
               +---------+---------+-------+---------+---------+-------+---------
         Total |       0 |     746 |   0.0 |       0 |      77 |   0.0 |  4082
               +---------+---------+-------+---------+---------+-------+---------
           D:1 |       0 |      21 |   0.0 |       0 |      11 |   0.0 |   933
           D:2 |       0 |     391 |   0.0 |       0 |      26 |   0.0 |  1374
           D:3 |       0 |     208 |   0.0 |       0 |      31 |   0.0 |  1327
           D:4 |       0 |     126 |   0.0 |       0 |       9 |   0.0 |   448
               +---------+---------+-------+---------+---------+-------+---------
